 Dungeon Crawl Stone Soup version 0.27.1-2-g3b301248ec (webtiles) character file.

Game seed: 9540983986676822406

106 llamasofponies the Slasher (level 4, -7/34 HPs)
             Began as a Demonspawn Gladiator on Sept 25, 2021.
             Splashed by a jelly's acid (10 damage)
             ... on level 3 of the Dungeon.
             The game lasted 00:06:47 (3378 turns).

llamasofponies the Slasher (Demonspawn Gladiator)   Turns: 3378, Time: 00:06:48

Health: -7/34      AC: -9    Str: 15 (16) XL:     4   Next: 55%
Magic:  4/4        EV: 12    Int:  6 (9)  God:
Gold:   139        SH:  0    Dex: 11 (14) Spells: 3/3 levels left

rFire    . . .     SeeInvis .   a - +0 long sword
rCold    . . .     Faith    .   (no shield)
rNeg     . . .     Spirit   .   b - +0 leather armour
rPois    .         Reflect  .   c - +0 helmet
rElec    .         Harm     .   (no cloak)
rCorr    .         Rampage  .   (no gloves)
Will     .....                  (no boots)
Stlth    +.........             (no amulet)
HPRegen  0.11/turn              (no ring)
MPRegen  0.09/turn              (no ring)

@: corroded, flying, hasted, very quick
A: icy blue scales 1, powered by death 1
a: no special abilities


You were on level 3 of the Dungeon.
You visited 1 branch of the dungeon, and saw 3 of its levels.

You collected 139 gold pieces.

Inventory:

Hand Weapons
 a - a +0 long sword (weapon)
Missiles
 d - 3 throwing nets (quivered)
Armour
 b - a +0 leather armour (worn)
 c - a +0 helmet (worn)
Jewellery
 g - a ring of resist corrosion
Scrolls
 h - a scroll of noise
 m - a scroll of enchant armour {unknown}
 n - a scroll of teleportation {unknown}
 o - a scroll of amnesia {unknown}
 p - 2 scrolls of fear {unknown}
Potions
 e - a potion of brilliance
 f - a potion of magic


   Skills:
 + Level 2.6 Fighting
 + Level 3.9 Long Blades
 + Level 1.9 Throwing
 + Level 0.9 Armour
 + Level 3.2 Dodging
 + Level 0.1 Stealth


You had 3 spell levels left.
You didn't know any spells.
Your spell library was empty.

Dungeon Overview and Level Annotations

Branches:
Dungeon (3/15)

Altars:
Fedhas
Kikubaaqudgha
Sif Muna
The Shining One


Innate Abilities, Weirdness & Mutations

You are partially covered in icy blue scales. (AC +2)
You regenerate a little health from kills.


Message History

The jelly is severely wounded.
The jelly closely misses you.
It was a potion of curing.
You feel better. The jelly barely misses you.
You riposte.
You hit the jelly but do no damage.
The jelly is severely wounded.
It was a potion of ambrosia.
You are confused.
You feel invigorated. The jelly misses you.
It was a potion of degeneration.
There was something very wrong with that liquid.
You feel weakened.
You feel dopey.
You feel clumsy. The jelly barely misses you.
It was a potion of flight.
You feel very buoyant.
You fly up into the air.
The jelly hits you.
You are splashed with acid!
It was a potion of haste.
You feel yourself speed up. The jelly barely misses you.
You bump into the rock wall.
The jelly hits you. The acid corrodes you!
You are splashed with acid!
* * * LOW HITPOINT WARNING * * *
You hit the jelly but do no damage.
Your hands burn!
* * * LOW HITPOINT WARNING * * *
The jelly is heavily wounded.
The jelly hits you.
You are splashed with acid!
* * * LOW HITPOINT WARNING * * *
You bump into the rock wall.
You bump into the rock wall.
The jelly barely misses you.
You hit the jelly.
Your hands burn!
* * * LOW HITPOINT WARNING * * *
The jelly is almost dead.
You feel less invigorated.
You feel less confused. The jelly hits you. The acid corrodes you!
You are splashed with acid.
* * * LOW HITPOINT WARNING * * *
You barely miss the jelly.
The jelly is almost dead.
The jelly hits you.
* * * LOW HITPOINT WARNING * * *
You are splashed with acid!
You die...

....................# #..
##################### ###
######## #.. #####
##########J..÷..# #####.
....#####......##'.JJP÷P#
#...#.
....#.##.......#J#÷.....#
#._.#.
......'........#J#JJJ.PP#
#....#
......'........#J#..÷.÷.#
######
....#.'......#'#@#.÷.÷.P#
....#.##)....#.#.#....÷.#
....#####....#.#.#......#
+#### #######.##...J.$#
###


You could see 2 jellies and an endoplasm.

Vanquished Creatures
  A gnoll (D:1)
  2 adders (D:2)
  2 worms (D:2)
  A dart slug (D:1)
  4 orcs (D:3)
  6 ball pythons
  6 bats
  5 endoplasms
  A giant cockroach (D:1)
  5 hobgoblins
  3 jackals (D:3)
  5 quokkas
  7 frilled lizards
  3 goblins
  9 kobolds
  3 rats
63 creatures vanquished.

Vanquished Creatures (others)
  4 plants (D:1)
  9 toadstools (D:3)
13 creatures vanquished.

Grand Total: 76 creatures vanquished

Notes
Turn   | Place    | Note
-------+----------+-------------------------------------------
     0 | D:1      | llamasofponies the Demonspawn Gladiator began the quest for
                  | the Orb.
     0 | D:1      | Reached XP level 1. HP: 16/16 MP: 1/1
   117 | D:1      | Gained mutation: You are partially covered in icy blue
                  | scales. (AC +2) [demonic ancestry]
   117 | D:1      | Reached XP level 2. HP: 4/22 MP: 2/2
   833 | D:1      | Found a faded altar of an unknown god.
  1025 | D:1      | Reached XP level 3. HP: 27/27 MP: 3/3
  1265 | D:2      | Found an ancient bone altar of Kikubaaqudgha.
  1988 | D:2      | Gained mutation: You regenerate a little health from kills.
                  | [demonic ancestry]
  1988 | D:2      | Reached XP level 4. HP: 31/34 MP: 4/4
  2559 | D:3      | Found a blossoming altar of Fedhas.
  2842 | D:3      | Found a shimmering blue altar of Sif Muna.
  3378 | D:3      | Splashed by a jelly's acid

Illustrated notes

Levels and vault maps discovered:
D:1:      nzn_arrival_depleted_hourglass, layout_basic,
          shapermc_ecumenical_altar_hornbeckon, minmay_lizard_king
D:2:      layout_loops_corners, basic_altar, minivault_23
D:3:      cheibrodos_fertilizer, layout_basic,
          mainiacjoe_overflow_surrounded_room, mainiacjoe_overflow_swirl,
          kennysheep_decorative_pillar, kennysheep_orc_chapel

Skill      XL: |  1  2 |
---------------+-------+-----
Dodging        | 3 |  3.2
Long Blades    | 3 |  3.9
Fighting       | |  2.6
Throwing       | |  1.9
Armour         | |  0.9
Stealth        | |  0.1

Action                   |  1- 3 |  4- 6 || total
-------------------------+-------+-------++-------
Melee: Long sword        |   106 |    58 ||   164
  Use: Scroll            |     2 |     1 ||     3
       Potion            |       |     5 ||     5
 Stab: Sleeping          |     1 |       ||     1
Armor: Leather armour    |    52 |    17 ||    69
Dodge: Dodged            |    75 |    59 ||   134
       Rpst.: Long sword |    18 |    19 ||    37
